Map: Abyssal Reef LE

Players

Vlign

  • Race: Terran Terran
  • League: Diamond
  • Spawn Location: 11:00

A.I. 1 (Elite) - Winner!

  • Race: Zerg Zerg
  • Spawn Location: 5:00

VOD

Have the link to the VOD?

Description

Time

  • Played on: July 18, 2018, 1:54 a.m.
  • Length: 4:36
Show
View Real Time Build Order
Export as new Build Order

Vlign Terran 

Build Orders: Cyclone Opening 

Get SALT Encoding   

  12  0:00  SCV  
  13  0:12  SCV  
  14  0:18  Supply Depot  
  14  0:24  SCV  
  15  0:31  Refinery  
  15  0:40  SCV  
  16  0:47  Barracks  
  16  0:52  SCV  
  17  1:04  SCV  
  18  1:16  SCV  
  20  1:35  Reaper  
  20  1:39  Orbital Command  
  20  1:41  Supply Depot  
  20  1:51  Factory  
  20  2:07  Command Center  
  21  2:08  SCV  
  21  2:14  Marine  
  22  2:20  SCV  
  23  2:26  Refinery  
  23  2:32  SCV  
  23  2:34  Cyclone  
  23  2:35  Marine  
  28  2:44  SCV  
  28  2:50  Bunker  
  29  2:53  Marine  
  29  2:56  SCV  
  31  3:07  Factory Reactor  
  31  3:19  SCV, Marine  
  33  3:20  Armory  
  33  3:22  Orbital Command  
  33  3:26  Refinery  
  33  3:31  SCV  
  34  3:43  SCV  
  34  3:47  Cyclone x2  
  41  3:50  Supply Depot  
  41  3:53  SCV  
  42  3:58  Supply Depot  
  42  3:59  SCV  
  42  4:02  Barracks Tech Lab  
  43  4:05  SCV  
  44  4:15  SCV, Refinery  
Show
View Real Time Build Order
Export as new Build Order

A.I. 1 (Elite) Zerg - Winner!

Build Orders: Pool First 

Get SALT Encoding   

  12  0:00  Drone  
  13  0:12  Overlord  
  13  0:16  Drone  
  14  0:31  Drone x2  
  16  0:42  Spawning Pool  
  15  0:45  Drone  
  15  0:48  Drone  
  17  1:12  Hatchery  
  17  1:13  Drone  
  17  1:17  Extractor  
  16  1:18  Extractor  
  16  1:19  Drone  
  16  1:24  Drone  
  17  1:29  Drone  
  18  1:38  Drone  
  19  1:49  Overlord  
  19  1:56  Queen  
  21  2:02  Zergling x2  
  22  2:11  Drone  
  23  2:24  Queen  
  25  2:30  Drone  
  25  2:36  Drone  
  27  2:41  Drone  
  28  2:45  Drone  
  29  3:00  Roach Warren  
  29  3:01  Drone  
  29  3:04  Drone  
  30  3:07  Zergling x2  
  30  3:10  Zergling x2  
  32  3:17  Overlord  
  32  3:20  Drone  
  32  3:23  Drone  
  34  3:39  Roach  
  36  3:41  Roach  
  36  3:42  Roach  
  36  3:43  Roach  
  42  3:51  Overlord  
  42  3:56  Overlord  
  42  3:59  Zergling x2  
  42  4:02  Zergling x2  
  46  4:10  Zergling x4, Drone  
  46  4:11  Drone  
  46  4:14  Drone  
  48  4:17  Drone  
  48  4:19  Drone  
Tags
 
Add a new tag
Caveats
  • Supply blocks, unpowered buildings, or Contaminate may cause inaccurate times.
  • Supply counts are checked every 10 seconds.